 Dungeon Crawl Stone Soup version 0.31.0-32-g396128a36d (webtiles) character file.

Game seed: 7585448441131819094

3 ChadusMaximus the Caller (level 1, -2/13 HPs)
             Began as a Barachi Summoner on Mar 8, 2024.
             Slain by a hobgoblin (4 damage)
             ... on level 1 of the Dungeon.
             The game lasted 00:00:27 (125 turns).

ChadusMaximus the Caller (Barachi Summoner)          Turns: 125, Time: 00:00:28

Health: -2/13      AC:  2    Str:  9    XL:     1   Next: 50%
Magic:  1/3        EV: 12    Int: 15    God:
Gold:   4          SH:  0    Dex: 12    Spells: 3/4 levels left

rFire   . . .        (no weapon)
rCold   . . .        (no shield)
rNeg    . . .        a - +0 robe
rPois   .            (no helmet)
rElec   .            (no cloak)
rCorr   .            (no gloves)
SInv    .            (no boots)
Will    .....        (no amulet)
Stlth   ++           (no ring)
HPRegen 0.22/turn    (no ring)
MPRegen 0.08/turn

%: no passive effects
@: unable to hop, slow
A: amphibious, slowness 1, strong legs 1, +LOS
a: Hop


You were on level 1 of the Dungeon.
You visited 1 branch of the dungeon, and saw 1 of its levels.

You collected 4 gold pieces.

Inventory:

Armour
 a - a +0 robe (worn)
Potions
 b - a potion of magic


   Skills:
 - Level 2.1 Dodging
 - Level 1.7 Stealth
 + Level 2.3 Spellcasting
 * Level 5.0 Summonings


You had 3 spell levels left.
You knew the following spells:

 Your Spells              Type           Power      Damage    Failure   Level
a - Summon Small Mammal   Summ           64%        N/A       2%          1

Your spell library contained the following spells:

 Spells                   Type           Power      Damage    Failure   Level
 Call Imp                 Summ           32%        N/A       4%          2
 Call Canine Familiar     Summ           16%        N/A       9%          3
 Summon Blazeheart Golem  Fire/Summ      9%         N/A       61%         4
 Summon Lightning Spire   Summ/Air       9%         N/A       61%         4


Dungeon Overview and Level Annotations

Branches:
Dungeon (1/15)

Altars:


Innate Abilities, Weirdness & Mutations

You are amphibious.
You cover ground slowly.
You can hop short distances.
You have an extended range of vision and can be seen from far away.


Message History

The gnoll hits your rat with a +0 whip.
Your rat dies!
Your rat's corpse disappears in a puff of smoke!
Your rat misses the hobgoblin.
Your rat bites the hobgoblin.
Casting: Summon Small Mammal (safe; 2% risk of failure)
Confirm with . or Enter, or press ? or * to list all spells.
You don't know that spell.
Your rat closely misses the hobgoblin.
A ball python comes into view.
Found 2 boomerangs.
Your rat barely misses the hobgoblin.
Unknown command.
A goblin comes into view. It is wielding a +0 club.
The gnoll attacks as it pursues you! The gnoll closely misses you.
The ball python bites you.
* * * LOW HITPOINT WARNING * * *
The ball python grabs you. The ball python constricts you.
The ball python closely misses you. The ball python constricts you.
Unknown command.
Hop to where?
Press: ? - help, Dir - move target You escape the ball python's grasp.
Boing!
Casting: Summon Small Mammal (safe; 2% risk of failure)
Confirm with . or Enter, or press ? or * to list all spells.
The gnoll completely misses you.
You swap places.
The gnoll hits your quokka with a +0 whip.
Your quokka bites the gnoll.
A hobgoblin comes into view.
The hobgoblin shouts!
The gnoll hits your quokka with a +0 whip.
Your quokka dies!
Your quokka's corpse disappears in a puff of smoke!
The hobgoblin closely misses you.
Found a helmet.
The hobgoblin hits you. The hobgoblin hits you.
* * * LOW HITPOINT WARNING * * *
The hobgoblin attacks as it pursues you!
The hobgoblin hits you.
You die...

############ ####
##..........## #...
#...[........## #...
..............# #...
........@g....########...
...........S...g.........
..........g..g..####.....
....#.###.#...### ##....
#.. #.....#..## ##... ..
##.#.#.#### #.#.
.........# #.#.
#.#.#.#.##### #.#
...#.#....†..######g#


You could see a gnoll, 3 hobgoblins and a ball python.

Vanquished Creatures
  A quokka (D:1)
1 creature vanquished.

Vanquished Creatures (collateral kills)
  2 ball pythons (D:1)
  A rat (D:1)
3 creatures vanquished.

Grand Total: 4 creatures vanquished

Notes
Turn   | Place    | Note
-------+----------+-------------------------------------------
     0 | D:1      | ChadusMaximus the Barachi Summoner began the quest for the
                  | Orb.
     0 | D:1      | Reached XP level 1. HP: 13/13 MP: 3/3
    98 | D:1      | Reached skill level 5 in Summonings
   125 | D:1      | Slain by a hobgoblin

Illustrated notes

Levels and vault maps discovered:
D:1:      roderic_chinese_lattice_arrival, layout_rooms

Skill      XL: |  1 |
---------------+----+-----
Summonings     | 5 |  5.0
Dodging        | |  2.1
Stealth        | |  1.7
Spellcasting   | |  2.3

Action                     || total
---------------------------++-------
  Melee: Unarmed           ||     8
   Cast: Summon Small Mamm ||    10
Ability: Hop               ||     1
 Armour: Robe              ||    14
  Dodge: Dodged            ||    15
